AoeStats
← DSoapy14TundraM

MegaRandom

510220350Analyzed
3v3 RM · 14h ago on Sep 30, 2026· 77m 19s· 6 players
Game mode
Random Map
Map size
Normal (6 player)
Population
200
Speed
Normal
Resources
Standard
Victory
Conquest
Starting age
Dark Age
Ending age
Imperial Age
RankedLock teamsTeams togetherTeam positionsShared explorationLock speedFull tech treeHidden civsTurbo modeCheats
Victory
Defeat
🇺🇸 Persians · United States
938
+13
🇺🇸 Byzantines · United States
865
+16
🇺🇸 Magyars · United States
853
+16
🇺🇸 Huns · United States
890
-16
🇺🇸 Poles · United States
888
-16
🇺🇸 Vikings · United States
810
-13
DSoapy14TundraM
0:30 Loom
11:55 Feudal Age
12:48 Double-Bit Axe
17:16 Horse Collar
20:24 Castle Age
19:06 Forging
18:58 Scale Mail Armor
19:26 Scale Barding Armor
20:35 Bloodlines
20:27 Stone Mining
22:05 Husbandry
21:26 Light Cavalry
23:18 Iron Casting
30:13 Chain Barding Armor
29:45 Fletching
31:49 Szlachta Privileges
33:30 Wheelbarrow
32:42 Town Watch
36:47 Imperial Age
35:26 Fervor
35:44 Masonry
35:21 Treadmill Crane
36:00 Squires
35:46 Arson
37:40 Ballistics
39:10 Blast Furnace
37:43 Cavalier
39:57 Town Patrol
41:19 Chain Mail Armor
41:00 Bodkin Arrow
45:17 Plate Mail Armor
44:47 Bracer
45:43 Lechitic Legacy
45:45 Conscription
46:11 Elite Obuch
47:51 Block Printing
48:50 Hoardings
48:55 Siege Engineers
49:51 Chemistry
48:37 Arrowslits
50:56 Crossbowman
51:42 Thumb Ring
50:59 Elite Skirmisher
51:02 Crossbowman
54:44 Guard Tower
55:17 Bombard Tower
55:32 Hand Cart
55:46 Arbalester
56:57 Medium Warships
57:02 Clinker Construction
57:03 Careening
57:30 Keep
58:19 Heavy Warships
59:38 Carvel Hull
58:57 Winged Hussar
61:32 Fortified Wall
64:21 Sappers
65:08 Pikeman
76:46 Hand Cart
LordDirtytorg
8:00 Loom
15:02 Feudal Age
15:41 Town Watch
16:16 Double-Bit Axe
19:41 Horse Collar
20:50 Gold Mining
21:16 Stone Mining
21:45 Forging
21:36 Scale Mail Armor
21:36 Padded Archer Armor
21:27 Fletching
26:00 Castle Age
27:57 Pikeman
28:49 Man-at-Arms
29:16 Arson
30:06 Bow Saw
31:43 Squires
33:41 Long Swordsman
37:45 Iron Casting
37:26 Chain Mail Armor
39:16 Heavy Plow
41:05 Gold Shaft Mining
41:56 Chieftains
49:49 Imperial Age
52:14 Blast Furnace
51:53 Plate Mail Armor
69:04 Crossbowman
beastlyboyxx3x7
7:03 Loom
11:16 Feudal Age
15:09 Double-Bit Axe
15:16 Horse Collar
16:02 Forging
20:01 Scale Barding Armor
21:58 Wheelbarrow
27:16 Castle Age
25:29 Fletching
28:34 Thumb Ring
30:08 Bloodlines
30:35 Iron Casting
29:57 Bodkin Arrow
30:25 Ballistics
32:13 Padded Archer Armor
36:21 Husbandry
38:20 Chain Barding Armor
43:50 Imperial Age
42:23 Bow Saw
44:58 Marauders
52:52 Blast Furnace
52:28 Plate Barding Armor
56:17 Chemistry
61:03 Elite Skirmisher
63:06 Pikeman
63:26 Cavalier
67:36 Scale Mail Armor
67:41 Squires
70:51 Two-Man Saw
74:29 Light Cavalry
jeremy.z
1:49 Loom
11:56 Feudal Age
23:35 Castle Age
25:40 Fletching
26:50 Husbandry
26:47 Bodkin Arrow
27:29 Treadmill Crane
30:46 Wheelbarrow
30:36 Ballistics
34:16 Imperial Age
32:16 Horse Collar
32:50 Murder Holes
34:39 Hand Cart
35:52 Bracer
38:37 Chemistry
38:13 Conscription
39:39 Pikeman
48:47 Fortified Wall
48:47 Crossbowman
50:59 Arbalester
52:11 Padded Archer Armor
53:16 Thumb Ring
54:51 Leather Archer Armor
55:29 Double-Bit Axe
62:31 Forging
65:44 Halberdier
68:38 Iron Casting
71:34 Scale Mail Armor
74:07 Chain Mail Armor
76:31 Plate Mail Armor
luonghvo
14:04 Feudal Age
14:09 Loom
14:38 Double-Bit Axe
16:01 Bloodlines
21:22 Castle Age
19:47 Scale Barding Armor
30:33 Horse Collar
32:35 Pikeman
33:17 Fletching
35:47 Bodkin Arrow
35:54 Scale Mail Armor
37:32 Wheelbarrow
36:43 Town Watch
37:08 Light Cavalry
39:56 Hand Cart
40:38 Heavy Plow
42:12 Corvinian Army
42:18 Gold Mining
43:05 Town Patrol
43:57 Chain Mail Armor
44:14 Ballistics
44:58 Gold Shaft Mining
44:14 Stone Mining
46:37 Chain Barding Armor
48:00 Caravan
48:30 Coinage
51:27 Imperial Age
49:28 Padded Archer Armor
51:58 Leather Archer Armor
52:01 Murder Holes
53:13 Chemistry
52:15 Bracer
52:24 Thumb Ring
52:45 Parthian Tactics
53:01 Banking
53:32 Conscription
54:31 Ring Archer Armor
53:36 Heavy Cavalry Archer
54:46 Bow Saw
55:55 Plate Barding Armor
58:09 Two-Man Saw
57:37 Halberdier
58:03 Arson
69:28 Elite Magyar Huszar
granttheath
12:22 Feudal Age
14:14 Double-Bit Axe
16:47 Loom
21:12 Castle Age
19:13 Gold Mining
19:13 Stone Mining
19:06 Horse Collar
21:39 Bloodlines
22:40 Gold Shaft Mining
23:07 Heavy Plow
23:53 Scale Barding Armor
25:38 Chain Barding Armor
27:53 Wheelbarrow
33:17 Bow Saw
34:39 Town Watch
35:10 Hand Cart
35:15 Fletching
35:36 Forging
38:30 Imperial Age
41:50 Crop Rotation
42:01 Plate Barding Armor
41:22 Bodkin Arrow
42:03 Iron Casting
43:13 Chemistry
42:24 Masonry
45:27 Ballistics
45:38 Architecture
46:01 Conscription
48:44 Fishing Lines
49:16 Medium Warships
49:44 Light Cavalry
50:24 Husbandry
51:30 Blast Furnace
50:31 Padded Archer Armor
51:37 Heavy Scorpion
52:32 Hussar
53:28 Caravan
55:33 Citadels
55:48 Elite Cannon Galleon
56:58 Leather Archer Armor
56:44 Scale Mail Armor
56:47 Murder Holes
57:06 Clinker Construction
57:06 Careening
61:01 Heavy Warships
63:02 Ring Archer Armor
Connection lost

Rejoining the realm…

Still unreachable

The connection could not be restored.

Session expired

The server has moved on; the page needs a fresh start.